 Dungeon Crawl Stone Soup version 0.22.1-2-g9c5b331 (webtiles) character file.

1514 Nib the Sneak (level 8, -10/40 HPs)
             Began as a Spriggan Necromancer on Nov 12, 2018.
             Mangled by an orc warrior
             ... wielding a +0 glaive
              (25 damage)
             ... on level 7 of the Dungeon on Nov 14, 2018.
             The game lasted 00:46:45 (10878 turns).

Nib the Sneak (Spriggan Necromancer)               Turns: 10878, Time: 00:46:46

Health: -10/40     AC:  4    Str:  6    XL:     8   Next: 53%
Magic:  15/15      EV: 22    Int: 17    God:    Xom [..*...]
Gold:   123        SH:  7    Dex: 19    Spells: 1/15 levels left

rFire    + . .     SeeInvis +   A - +1 war axe (elec)
rCold    . . .     Gourm    .   y - +0 buckler
rNeg     . . .     Faith    .   f - +0 robe
rPois    +         Spirit   .   l - +0 hat
rElec    .         Reflect  .   q - +1 cloak
rCorr    .         Harm     .   (gloves unavailable)
MR       +++..     Clarity  +   (boots unavailable)
Stlth    ++++......             (no amulet)
HPRegen  0.13/turn              i - ring of protection from magic
MPRegen  0.14/turn              H - ring of the Final Decision {rPois Dex+3}

@: very quick
A: very small, unfitting armour, fangs 1, see invisible, clarity, fire
resistance 1, herbivore, speed 3, magic resistance 1, mutation resistance 1,
slow metabolism 2
a: Renounce Religion


You were on level 7 of the Dungeon.
You worshipped Xom.
You were a toy of Xom.
You were not hungry.

You visited 2 branches of the dungeon, and saw 8 of its levels.

You collected 350 gold pieces.
You spent 227 gold pieces at shops.


Innate Abilities, Weirdness & Mutations

You are very small and have problems with some larger weapons.
You are too small for most types of armour.
You have supernaturally acute eyesight. (SInv)
You are a herbivore.
You cover ground extremely quickly.
You need to consume almost no food.
You have very sharp teeth.
You possess an exceptional clarity of mind.
Your flesh is heat resistant. (rF+)
You are resistant to hostile enchantments. (MR+)
You are somewhat resistant to further mutation.


   Skills:
 + Level 3.0 Fighting
 - Level 4.1 Short Blades
 + Level 6.5 Dodging
 + Level 7.1 Stealth
 + Level 2.2 Shields
 - Level 4.0 Spellcasting
 + Level 5.0 Charms
 + Level 5.1 Necromancy
 + Level 0.0 Evocations


You had one spell level left.
You knew the following spells:

 Your Spells              Type           Power        Failure   Level  Hunger
a - Pain                  Necr           ###.         2%          1    None
b - Apportation           Tloc           #.....       22%         1    None
c - Mephitic Cloud        Conj/Pois/Air  #.......     54%         3    ###....
l - Blink                 Tloc           N/A          32%         2    ##.....
q - Vampiric Draining     Necr           ###.......   8%          3    ###....
y - Animate Skeleton      Necr           N/A          2%          1    None
z - Regeneration          Chrm/Necr      ###.......   9%          3    ###....

Your spell library contained the following spells:

 Spells                   Type           Power        Failure   Level  Hunger
 Magic Dart               Conj           #...         22%         1    None
 Summon Butterflies       Summ           #.......     22%         1    None
 Animate Dead             Necr           N/A          26%         4    ####...
 Call Imp                 Summ           #.......     32%         2    ##.....
 Slow                     Hex            #.......     32%         2    ##.....
 Conjure Flame            Conj/Fire      #.......     54%         3    ###....
 Lesser Beckoning         Tloc           #.........   54%         3    ###....
 Tukima's Dance           Hex            #.......     54%         3    ###....
 Alistair's Intoxication  Tmut/Pois      #.......     99%         5    ######.
 Invisibility             Hex            #.......     100%        6    #######

Inventory:

Hand Weapons
 a - a +0 dagger
 b - a +0 hunting sling
 m - a +0 spear
 p - a +3 quarterstaff of chaos
 t - a +0 lajatang
 A - a +1 war axe of electrocution (weapon)
 F - a +2 spear of pain
Missiles
 h - 201 stones (quivered)
 n - 59 sling bullets
 v - 6 poisoned needles
 w - 6 curare-tipped needles
 C - 2 poisoned tomahawks
Armour
 f - a +0 robe (worn)
 l - a +0 hat (worn)
 q - a +1 cloak (worn)
 y - a +0 buckler (worn)
Jewellery
 i - a ring of protection from magic (left hand)
 j - an uncursed ring of ice
 r - an uncursed ring of fire
 H - the ring of the Final Decision (right hand) {rPois Dex+3}
   (You bought it in a shop on level 6 of the Dungeon)

   [ring of poison resistance]

   It affects your dexterity (+3).
   It protects you from poison.
Wands
 E - a wand of random effects (28)
 G - a wand of iceblast (7)
Scrolls
 d - 4 scrolls of enchant armour
 e - 2 scrolls of blinking
 k - 2 scrolls of teleportation
 u - 2 scrolls of remove curse
 x - 3 scrolls of enchant weapon
 z - a scroll of fear
 K - 3 scrolls of immolation {unknown}
 L - a scroll of torment {unknown}
Potions
 g - 2 potions of lignification
 o - 2 potions of haste {unknown}
 s - 2 potions of flight
 B - a potion of berserk rage
 D - a potion of agility {unknown}
 I - a potion of curing {unknown}
Comestibles
 c - 7 rations


Message History

You closely miss the orc priest. The orc priest misses you.
You hit the orc priest.
The orc warrior hits you from afar with a glaive.
The orc priest completely misses you. You block the orc's attack.
The orc warrior misses you.
You take 4 damage, and have 36/40 hp.
You hit the orc priest but do no damage.
You hit the orc. Xom grants you insight.
You detect creatures!
The orc priest calls down the wrath of Beogh upon you.
Beogh smites you! The orc completely misses you.
The orc warrior hits you from afar with a glaive!
The orc priest looks encouraged for a moment.
The orc shouts!
You take 22 damage, and have 14/40 hp.
MASSIVE DAMAGE!!
The orc warrior hits you from afar with a glaive!!
Ouch! That really hurt!
You die...
Xom chuckles heartily!

.......# #######
.......########### #......
.......#.........# #......
.......#.#######.# #......
...#'#.#.#######.# #......
.........[)......###### #......
...#.....###.....##...# #......
...###...(##.....##.#.#####......
.>......)..((.o.@.....[.[.'..)...
...###....##..o.#####.#####......
.)####....##..o.'.......).[.####.
..#...o...###o..#####.#####.#####
..#...##........(####.#####...###
..'...''.........(...............
.##...##.........#.........##.###
.##...##.........#.........##....
###...##.........#.........+....(


You could see an orc warrior, an orc priest and 2 orcs.

Vanquished Creatures
  A hippogriff (D:5)
  A sky beast (D:4)
  2 ogres
  A centaur (D:6)
  A bullfrog (D:7)
  3 hounds
  A quasit (D:5)
  2 orc wizards
  Crazy Yiuf (D:2)
  3 jellies
  An orc priest (D:7)
  An iguana (D:4)
  3 worker ants
  8 adders
  An adder skeleton (D:5)
  4 worms
  3 dart slugs
  3 leopard geckos
  13 orcs
  A ball python (D:2)
  5 bats
  5 giant cockroaches
  4 goblins
  6 hobgoblins
  16 jackals
  A quokka (D:3)
  5 frilled lizards
  3 kobolds (D:1)
  5 rats
104 creatures vanquished.

Vanquished Creatures (collateral kills)
  A meliai zombie (D:7)
  A hungry ghost (D:7)
  An ogre (D:7)
  A crimson imp (D:7)
  A bullfrog zombie (D:7)
  2 orc wizards (D:7)
  A howler monkey zombie (D:7)
  3 gnolls (D:7)
  3 orcs
  3 bats
  A jackal (D:6)
18 creatures vanquished.

Grand Total: 122 creatures vanquished

Notes
Turn   | Place    | Note
-------+----------+-------------------------------------------
     0 | D:1      | Nib the Spriggan Necromancer began the quest for the Orb.
     0 | D:1      | Reached XP level 1. HP: 9/9 MP: 5/5
     2 | D:1      | Learned a level 1 spell: Animate Skeleton
   471 | D:1      | Reached XP level 2. HP: 11/13 MP: 3/6
   534 | D:1      | Reached skill level 3 in Spellcasting
  1321 | D:1      | Reached XP level 3. HP: 13/17 MP: 4/8
  1331 | D:1      | Learned a level 3 spell: Vampiric Draining
  1335 | D:1      | Learned a level 3 spell: Regeneration
  2071 | D:2      | Reached skill level 4 in Stealth
  2511 | D:2      | Reached skill level 1 in Charms
  2511 | D:2      | Reached XP level 4. HP: 20/21 MP: 7/10
  2555 | D:2      | Found a snail-covered altar of Cheibriados.
  2765 | D:2      | Found a runed door.
  2779 | D:2      | Noticed Crazy Yiuf
  2870 | D:2      | Killed Crazy Yiuf
  2870 | D:2      | Reached skill level 1 in Short Blades
  3732 | D:3      | Found a burning altar of Makhleb.
  3747 | D:3      | Noticed a balrug
  3750 | D:3      | Noticed a hellwing
  3750 | D:3      | Noticed a hellwing
  3776 | D:3      | Reached skill level 1 in Fighting
  3884 | D:3      | Reached XP level 5. HP: 13/25 MP: 8/12
  4797 | D:4      | HP: 5/25 [iguana (15)]
  4830 | D:4      | HP: 3/25 [worker ant (5)]
  4833 | D:4      | HP: 1/25 [poisoned by a worker ant]
  5259 | D:4      | Found a staircase to the Ecumenical Temple.
  5271 | Temple   | Entered the Ecumenical Temple
  5737 | D:4      | Reached XP level 6. HP: 21/30 MP: 6/13
  5942 | D:5      | Entered Level 5 of the Dungeon
  5942 | D:5      | Noticed a sky beast
  6072 | D:5      | Noticed a hippogriff
  6125 | D:4      | HP: 5/30 [orc/enchanted flail (7)]
  6567 | D:4      | Killed a sky beast
  6567 | D:4      | Reached skill level 5 in Stealth
  6817 | D:5      | Found Ciwo's Gadget Shoppe.
  7190 | D:5      | Noticed Prince Ribbit
  7377 | D:5      | Reached skill level 3 in Charms
  7377 | D:5      | Reached XP level 7. HP: 35/35 MP: 11/14
  7446 | D:5      | Reached skill level 1 in Shields
  7623 | D:5      | HP: 8/35 [hippogriff (10)]
  7641 | D:5      | Killed a hippogriff
  7837 | D:5      | Gained mutation: You have a beak for a mouth. [potion of
                  | mutation]
  7837 | D:5      | Gained mutation: You possess an exceptional clarity of
                  | mind. [potion of mutation]
  7872 | D:5      | Reached skill level 6 in Stealth
  7907 | D:5      | Noticed Blork the orc
  8001 | D:5      | Noticed Ijyb
  8237 | D:6      | Found a shattered altar of Ashenzari.
  8283 | D:6      | Found a large runed door.
  8283 | D:6      | Found a large runed door.
  8287 | D:6      | Noticed emiel's ghost (novice OgBe)
  8397 | D:6      | Found a shimmering altar of Xom.
  8407 | D:6      | Became a worshipper of Xom of Chaos
  8415 | D:6      | Found Selamiyll's Assorted Antiques.
  8424 | D:6      | XOM: potion effect (berserk rage)
  8438 | D:6      | XOM: potion effect (might)
  8443 | D:6      | Reached skill level 3 in Short Blades
  8480 | D:6      | Bought a crude iron ring for 115 gold pieces
  8480 | D:6      | Bought a scroll labeled TIGETSE QEUCIMO for 23 gold pieces
  8480 | D:6      | Bought a smoky brown potion for 20 gold pieces
  8480 | D:6      | Bought a scroll labeled GUIZASOA JUIN for 23 gold pieces
  8480 | D:6      | Bought a scroll labeled WIMPUU NAKH for 23 gold pieces
  8480 | D:6      | Bought a scroll labeled ISCHAI CUODWUF for 23 gold pieces
  8482 | D:6      | Identified the ring of the Final Decision {rPois Dex+3}
                  | (You bought it in a shop on level 6 of the Dungeon)
  8508 | D:6      | Found a blossoming altar of Fedhas.
  8557 | D:6      | XOM: divination: magic mapping
  8632 | D:6      | XOM: potion effect (haste)
  8835 | D:6      | XOM: polymorph butterfly -> bat
  9298 | D:7      | Reached XP level 8. HP: 28/39 MP: 12/15
  9445 | D:7      | XOM: potion effect (agility)
  9448 | D:7      | XOM: fog
  9470 | D:7      | XOM: cast spell 'Monstrous Menagerie'
  9666 | D:7      | XOM: give mutations
  9666 | D:7      | Lost mutation: You have a beak for a mouth. [Xom's grace]
  9666 | D:7      | Gained mutation: You have very sharp teeth. [Xom's grace]
  9666 | D:7      | Gained mutation: You are resistant to hostile enchantments.
                  | (MR+) [Xom's grace]
  9666 | D:7      | Gained mutation: Your flesh is heat resistant. (rF+) [Xom's
                  | grace]
  9666 | D:7      | Gained mutation: You are somewhat resistant to further
                  | mutation. [Xom's grace]
  9704 | D:7      | XOM: summons 2 friendly demons
  9715 | D:7      | XOM: butterfly on damage
  9767 | D:7      | Found a shadowy altar of Dithmenos.
  9861 | D:7      | XOM: harmless Chrm miscast
  9922 | D:7      | Reached skill level 6 in Dodging
 10015 | D:7      | XOM: fake destruction
 10071 | D:7      | XOM: cleaving
 10163 | D:7      | XOM is BORED!
 10298 | D:7      | Learned a level 2 spell: Blink
 10300 | D:7      | Learned a level 1 spell: Apportation
 10304 | D:7      | Learned a level 3 spell: Mephitic Cloud
 10428 | D:7      | Reached skill level 3 in Fighting
 10428 | D:7      | Reached skill level 7 in Stealth
 10520 | D:7      | XOM: noise
 10550 | D:7      | XOM: confuse monster(s)
 10554 | D:7      | XOM: harmless Pois miscast
 10561 | D:7      | XOM: divination: detect items
 10580 | D:7      | XOM: blink monster(s)
 10597 | D:7      | XOM: harmless Air miscast
 10614 | D:7      | XOM: divination: magic mapping
 10677 | D:6      | XOM: harmless Chrm miscast
 10705 | D:6      | XOM: noise
 10739 | D:6      | XOM: medium Chrm miscast
 10876 | D:7      | XOM: divination: detect creatures
 10878 | D:7      | Mangled by an orc warrior

Vault maps used:
D:1:      minmay_arrival_four_houses
D:2:      kennysheep_slug_shrine, st_stairs_10, uniq_crazy_yiuf_cottage
D:3:      makhleb_altar_promises_db
D:4:      temple_fountains
D:5:      serial_shops, shop, first_ration, uniq_prince_ribbit1,
          uniq_blork_the_orc, uniq_duvessa, uniq_ijyb
D:6:      xom_butterflies, grunt_temple_overflow_open,
          ebering_ghost_disaster_area, serial_shops, shop
D:7:      lemuel_coloured_pillars_altar
Temple:   regret_index_temple_waves

Action                   |  1- 3 |  4- 6 |  7- 9 || total
-------------------------+-------+-------+-------++-------
Melee: Dagger            |    52 |   106 |    47 ||   205
       Peck              |       |       |     3 ||     3
       War axe           |       |       |     5 ||     5
       Bite              |       |       |     3 ||     3
 Fire: Hunting sling     |       |     8 |   178 ||   186
Throw: Stone             |       |    24 |     2 ||    26
 Cast: Pain              |    56 |   134 |    35 ||   225
       Animate Skeleton  |     9 |     8 |    14 ||    31
       Vampiric Draining |       |    10 |     6 ||    16
       Regeneration      |       |     3 |     2 ||     5
Evoke: Wand              |       |       |     2 ||     2
  Use: Scroll            |       |    10 |     4 ||    14
       Potion            |       |     1 |     4 ||     5
 Stab: Sleeping          |     3 |     3 |       ||     6
       Distracted        |       |     1 |       ||     1
  Eat: Ration            |       |     3 |     3 ||     6
Armor: Robe              |    11 |    26 |    25 ||    62
Dodge: Dodged            |    69 |   124 |   161 ||   354
Block: Buckler           |       |     6 |    50 ||    56
